 Dungeon Crawl Stone Soup version 0.32-a0-913-g739538afd8 (webtiles) character file.

Game seed: 15115158594663982301

242032 Ruich the Brawler (level 18, -1/180 HPs)
             Began as a Troll Fighter on Apr 9, 2024.
             Was the Champion of Qazlal.
             Slain by a great orb of eyes (10 damage)
             ... on level 4 of the Abyss on Apr 10, 2024.
             The game lasted 01:58:21 (43402 turns).

Ruich the Brawler (Troll Fighter)                  Turns: 43402, Time: 01:58:22

Health: -1/180     AC: 35    Str: 25      XL:     18   Next: 66%
Magic:  19/24      EV: 16    Int:  4      God:    Qazlal [******]
Gold:   1620       SH:  0    Dex: 10 (11) Spells: 14/23 levels left

rFire   + .          .
                       - Unarmed
rCold   . . .        w - +2 kite shield
rNeg    + . .        (body armour currently unavailable)
rPois   ∞            N - +2 hat
rElec   +            I - +2 cloak of the Forest {rF+ Regen+}
rCorr   .            (gloves unavailable)
SInv    .            (boots unavailable)
Will    +....        a - amulet of regeneration
Stlth   +            V - ring of the Hare {EV+10}
HPRegen 2.90/turn    l - +5 ring of evasion
MPRegen 0.19/turn

%: repel missiles
@: confused, statue-form, ambrosia-drunk, protected from physical damage, hasted
and slowed, lost intelligence, constricted, studying Ranged Weapons, unable to
read, very slow
A: slow and powerful, torment resistance 1, boosted hp, large, unfitting armour,
claws 3, regeneration 1, (shaggy fur 1), (tough skin 1), [clumsy 2],
[deterioration 2], [frail 2], [weak 2]
}: 2/15 runes: decaying, gossamer
a: Begin Untransformation, Renounce Religion, Upheaval, Elemental Force,
Disaster Area


You were on level 4 of the Abyss.
You worshipped Qazlal.
Qazlal was exalted by your worship.
You were a living statue of rough stone.
You visited 7 branches of the dungeon, and saw 33 of its levels.
You visited the Abyss 1 time.
You also visited: Gauntlet and Volcano.

You collected 3412 gold pieces.
You spent 1792 gold pieces at shops.


Innate Abilities, Weirdness & Mutations

You are a living statue of rough stone.
Your actions are slow, but your melee attacks are powerful.
You are resistant to unholy torment.
Your maximum health is greatly increased.
Your equipment is partially melded.
You are too large for most types of armour.
You are immune to poison.
You have claws for hands.
Your natural rate of healing is unusually fast.
((You are covered in fur. (AC +1)))
((You have tough skin. (AC +1)))
[You are very clumsy. (Dex -4)]
[Your body often deteriorates upon taking damage.]
[You are very frail. (-20% HP)]
[You are very weak. (Str -4)]


   Skills:
 + Level 10.1 Fighting
 - Level 9.9 Dodging
 + Level 10.9 Shields
 * Level 18.8 Unarmed Combat
 - Level 3.3 Spellcasting
 - Level 5.5 Translocations
 + Level 10.5 Invocations
 - Level 16.0 Shapeshifting


You had 14 spell levels left.
You knew the following spells:

 Your Spells              Type           Power      Damage    Failure   Level
a - Apportation           Tloc           10%        N/A       8%          1
l - Lesser Beckoning      Tloc           10%        N/A       11%         2
u - Passage of Golubria   Tloc           5%         N/A       58%         4
B - Blink                 Tloc           10%        N/A       11%         2

Your spell library contained the following spells:

 Spells                   Type           Power      Damage    Failure   Level
 Momentum Strike          Conj/Tloc      4%         3d8       34%         2
 Foxfire                  Conj/Fire      0%         2x1d4     56%         1
 Kiss of Death            Conj/Necr      0%         2d5       56%         1
 Magic Dart               Conj           0%         1d3       56%         1
 Necrotise                Necr           0%         1d4       56%         1
 Sting                    Conj/Alch      0%         1d3       56%         1
 Summon Small Mammal      Summ           0%         N/A       56%         1
 Volatile Blastmotes      Fire/Tloc      4%         2d10      56%         3
 Call Imp                 Summ           0%         N/A       71%         2
 Cigotuvi's Dreadful Rot  Necr/Alch/Air  0%         N/A       71%         2
 Scorch                   Fire           0%         2d5       71%         2
 Confusing Touch          Hex            0%         N/A       91%         3
 Passwall                 Erth           0%         N/A       91%         3
 Tukima's Dance           Hex            0%         N/A       91%         3
 Vampiric Draining        Necr           0%         2d6       91%         3
 Dimensional Bullseye     Hex/Tloc       1%         N/A       92%         4
 Iskenderun's Mystic Bla Conj/Tloc 2%             2d3        (+2d1     92%         4
 Vhi's Electric Charge    Tloc/Air       4%         N/A       92%         4
 Dispel Undead            Necr           0%         3d6       100%        4
 Martyr's Knell           Necr/Summ      0%         N/A       100%        4
 Summon Blazeheart Golem  Fire/Summ      0%         N/A       100%        4
 Curse of Agony           Necr           0%         N/A       100%        5
 Silence                  Hex/Air        0%         N/A       100%        5
 Bombard                  Conj/Erth      0%         9d1       100%        6
 Sculpt Simulacrum        Ice/Alch       0%         N/A       100%        6
 Starburst                Conj/Fire      0%         6d3       100%        6
 Orb of Destruction       Conj           0%         9d5       100%        7
 Ozocubu's Refrigeration  Ice            0%         4d7       100%        7
 Spellforged Servitor     Conj/Summ      0%         N/A       100%        7
 Summon Hydra             Summ           0%         N/A       100%        7
 Lehudib's Crystal Spear  Conj/Erth      0%         10d2      100%        8
 Polar Vortex             Ice            0%         N/A       100%        9
 Sublimation of Blood     Necr           Unusable   N/A       N/A         2

Inventory:

Missiles
 n - 12 javelins (quivered)
 o - 5 silver javelins
 v - 5 throwing nets {=f}
Armour
 w - a +2 kite shield (worn)
 I - the +2 cloak of the Forest (worn) {rF+ Regen+}
   (You found it in a Gauntlet)

   rF+:       It protects you from fire.
   Regen+:    It increases your rate of health regeneration.
 N - a +2 hat (worn)
 Y - a +1 tower shield of fire resistance
Jewellery
 a - an amulet of regeneration (around neck)
 g - a ring of protection from fire
 l - a +5 ring of evasion (right claw)
 C - a ring of wizardry
 O - a +6 ring of strength
 Q - a ring of flight
 T - a ring of resist corrosion
 V - the ring of the Hare (left claw) {EV+10}
   (You bought it in a shop on level 2 of the Orcish Mines)

   [ring of evasion]

   EV+10:     It affects your evasion (+10).
 Z - a ring of see invisible
Talismans
 s - a granite talisman (active)
 R - a dragon-blood talisman
Wands
 p - a wand of warping (11)
 x - a wand of light (20)
 H - a wand of digging (2)
 L - a wand of mindburst (6)
Scrolls
 b - a scroll of poison
 d - 12 scrolls of identify {@r1}
 e - 14 scrolls of teleportation {@r2}
 h - 2 scrolls of vulnerability
 i - 5 scrolls of immolation
 j - 4 scrolls of enchant armour
 y - 4 scrolls of revelation
 B - 6 scrolls of blinking
 D - 5 scrolls of amnesia
 G - a scroll of silence {!r}
 J - a scroll of fog
 S - 3 scrolls of fear
 W - 2 scrolls of butterflies
Potions
 c - 6 potions of might
 f - 2 potions of mutation
 k - 12 potions of curing {@q1}
 m - 4 potions of berserk rage {!q}
 q - 2 potions of attraction
 r - 6 potions of haste {@q3}
 t - 3 potions of magic
 u - 9 potions of heal wounds {@q2}
 z - 4 potions of cancellation
 A - a potion of resistance
 E - 7 potions of ambrosia
 F - 2 potions of invisibility
 K - 2 potions of brilliance
 M - 3 potions of lignification
Miscellaneous
 P - a box of beasts
 U - a tin of tremorstones (2/2)
 X - a phantom mirror

Dungeon Overview and Level Annotations

Branches:
Dungeon (15/15) Zot: 25105  Temple (1/1) D:5 Zot: 5966    Lair (5/5) D:11 Zot: 17834
  Swamp (4/4) Lair:3 Zot: 17987  Spider (4/4) Lair:2 Zot: 13223   Slime (0/5) Lair:5
    Orc (2/2) D:10 Zot: 7295     Elf (2/3) Orc:2 Zot: 9382  Vaults (0/5) D:14
 Depths (0/4) D:15        Volcano (visited)         Gauntlet (visited)

Altars:
Ashenzari
Cheibriados
Dithmenos
Elyvilon
Fedhas
Gozag
Hepliaklqana
Kikubaaqudgha
Makhleb
Nemelex Xobeh
Okawaru
Qazlal
Ru
Sif Muna
Trog
Uskayaw
Vehumet
Wu Jian
Xom
Yredelemnul
Zin
The Shining One
Beogh
Jiyva

Shops:
D:11 ?   D:14 *   Orc:2 (?=

Annotations:
D:9 1 runed translucent door, Posi's ghost, journeyman GnSh
Lair:2 exclusion: oklob plant

.. ..
##.#...
####. #...
#.....# .
.. # ###.
....# # ##.
♣ ...
.#.#..#.#
... . ♣
♣♣#.....#
..# ~
♣.#.#.##..#
♣♣.W### ..#
♣♣XXX#.4


♣XXI# .~~~X♣NGu# ~~~~.♣♣#4# ..~#~~ #. # .~ ~~~ .. ~ ~~~ .#. ~~ ♣.. ♣♣ You could
see 5 starcursed masses, a purple very ugly thing, a naga warrior (catching
breath), a great orb of eyes, a flayed ghost, a large abomination and a rust
devil.


Message History

Unknown command.
You are confused.
You feel invigorated.
The naga warrior no longer looks unusually strong.
A starcursed mass splits.
The naga warrior spits poison at you. The splash of poison misses you.
The naga warrior constricts you!
* * * LOW HITPOINT WARNING * * *
The great orb of eyes misses you.
The starcursed mass is engulfed in blazing flames.
The starcursed mass touches you but does no damage.
The starcursed mass shudders and is absorbed by its neighbour.
* * * LOW HITPOINT WARNING * * *
The purple very ugly thing completely misses you.
The starcursed mass touches you but does no damage.
A starcursed mass splits.
Unknown command.
Unknown command.
You bump into the rock wall.
The naga warrior constricts you!
* * * LOW HITPOINT WARNING * * *
The great orb of eyes gazes at you.
Your mind is blasted!
* * * LOW HITPOINT WARNING * * *
Your body deteriorates!
You feel clumsy. The purple very ugly thing bites you!
* * * LOW HITPOINT WARNING * * *
You feel more protected from physical attacks.
* * * LOW HITPOINT WARNING * * *
The naga warrior constricts you. The great orb of eyes bites you!
You die...

Skill      XL: |  1  2  3  4  5  6  7  8  9 10 11 12 13 14 15 16 17 18 |
---------------+-------------------------------------------------------+-----
Shields        | 3 4 5 6 7 9 10 | 10.9
Fighting       | 3 4 5 6 7 8 9 10 | 10.1
Dodging        | 3 4 5 6 7 8 9 |  9.9
Unarmed Combat | 4 5 6 7 8 9 12 14 15 16 17 18 | 18.8
Invocations    | 2 3 4 6 7 8 9 10 | 10.5
Translocations | 1 2 3 5 |  5.5
Spellcasting   | 1 2 3 |  3.3
Shapeshifting  | 7 12 13 15 16 | 16.0

Action                     |  1- 3 |  4- 6 |  7- 9 | 10-12 | 13-15 | 16-18 || total
---------------------------+-------+-------+-------+-------+-------+-------++-------
  Melee: Unarmed           |    72 |    91 |   337 |   609 |   817 |   816 ||  2742
   Cast: Blink             |       |       |       |     1 |     1 |     2 ||     4
         Lesser Beckoning  |       |       |       |       |       |     4 ||     4
 Invoke: Upheaval          |       |       |       |     6 |       |     9 ||    15
         Elemental Force   |       |       |       |       |     1 |     1 ||     2
         Disaster Area     |       |       |       |       |       |     2 ||     2
  Evoke: Wand              |       |       |       |     4 |    15 |     3 ||    22
         Phantom mirror    |       |       |       |       |     2 |       ||     2
         Box of beasts     |       |       |       |       |     1 |       ||     1
         Tin of tremorston |       |       |       |       |     2 |       ||     2
    Use: Scroll            |       |     2 |    16 |    11 |     2 |     3 ||    34
         Potion            |       |       |     2 |       |     6 |     4 ||    12
   Stab: Sleeping          |     1 |     2 |     2 |       |       |       ||     5
         Invisible         |       |       |       |     1 |       |       ||     1
         Distracted        |       |       |       |       |       |     2 ||     2
 Armour: Robe              |    32 |    40 |   149 |   185 |     6 |       ||   412
         Steam dragon scal |       |       |       |    84 |       |       ||    84
         Skin              |       |       |       |     7 |   800 |   689 ||  1496
  Dodge: Dodged            |    18 |    56 |   193 |   293 |   682 |  1247 ||  2489
         Repelled          |       |       |       |     5 |    31 |    68 ||   104
  Block: Kite shield       |    21 |    45 |   213 |   477 |  1066 |  1339 ||  3161
   Form: Statue            |       |       |       |     1 |     1 |     1 ||     3
                           |       |       |       |       |     1 |     1 ||     2

Levels and vault maps discovered:
D:1:      erik_arrival_triangle_small, layout_basic, serial_glass,
          glass_columns_a, glass_columns_a
D:2:      layout_basic, serial_rivers, chequers_serial_rivers_small_3,
          chequers_serial_rivers_large_a, chequers_serial_rivers_micro_a,
          chequers_serial_rivers_small_3, chequers_serial_rivers_micro_e,
          minmay_pentomino_w4, uniq_crazy_yiuf_cottage, uniq_sigmund,
          uniq_jessica
D:3:      layout_basic, uniq_pargi
D:4:      layout_layer_cave, mainiacjoe_overflow_surrounded_room
D:5:      layout_loops_ring, gammafunk_temple_overflow_elements,
          minmay_temple_entry_butterflies, minmay_gold_behind_fungi
D:6:      layout_cave_pools, chequers_serial_rivers_small_3, minmay_pentangle,
          uniq_prince_ribbit1, uniq_duvessa, uniq_blork_the_orc
D:7:      layout_basic, lemuel_flame_loot_1
D:8:      layout_layer_cave, overflow_temple_1_default,
          nicolae_overflows_in_rows, amethyst_overflow_temple_binary,
          st_stairs_5, kennysheep_generic_room_16
D:9:      layout_roguey, ebering_ghost_xom, palyth_stone_intersect
D:10:     layout_cave_pods, orc_0_dummy, uniq_maggie
D:11:     layout_roguey, lair_entry_dummy, serial_shops, nicolae_shop_drivethru,
          nicolae_elyvilon_temple_path, uniq_harold
D:12:     layout_loops_ring, gauntlet_entry_generic
D:13:     layout_grid_maze, ebering_ghost_gozag, nrook_campfire, uniq_rupert
D:14:     layout_irregular_city, hellmonk_vaults_order_and_chaos, serial_shops,
          shop, grunt_decor_fettered, uniq_jorgrun
D:15:     gammafunk_depths_entry_grave, layout_basic,
          nicolae_uskayaw_dance_hall, special_room [special_room_bee],
          hangedman_decor_slide_cut, serial_bayou_lake_a, uniq_azrael
Temple:   nicolae_temple_stand_before_the_council
Lair:1:   layout_cave_pods, grunt_megastairs_1
Lair:2:   layout_big_grid, nicolae_spider_entry_lesser_pyramids,
          nicolae_volcano_entry_lava_flow, infiniplex_staircase_pool,
          lemuel_fruit_tree, uniq_sonja
Lair:3:   layout_long_grid, alex1729_swamp_entry_worm_eleionoma
Lair:4:   layout_hall_layers, ebering_ghost_xom, amcnicky_mini_pool_medium
Lair:5:   grunt_lair_end_beastmaster, layout_small_grid,
          dpeg_slime_entry_enclosed, uniq_nessos
Swamp:1:  layout_basic_swamp, nicolae_swamp_reclaimed_castle, swamp_pool_4,
          nicolae_swamp_tree_isthmus
Swamp:2:  tekkud_swamp_unearthing_site, layout_basic_swamp,
          evilmike_swamp_ruin_house_1, nicolae_swamp_trees_clearing
Swamp:3:  layout_basic_swamp, evilmike_swamp_ruin_rubble_1, swamp_pool_4,
          nicolae_swamp_bunyip_nook, uniq_bai_suzhen
Swamp:4:  swamp_alternative, layout_basic_swamp, nicolae_swamp_well_well_well
Spider:1: layout_chambers
Spider:2: layout_spider_delve
Spider:3: layout_spider_delve
Spider:4: guppyfry_spider_rune, nicolae_spider_shape, uniq_asterion
Orc:1:    layout_caves, small_statue_alley_c, nicolae_orc_crystal_seam
Orc:2:    st_orc_town, layout_caves
Elf:1:    nicolae_elf_arrival_aired_out, layout_onion_city,
          minmay_elf_annihilation, onia_ninara_cookie
Elf:2:    nicolae_elf_blades_crystal_corner, layout_geoelf_diagonals
Abyss:4:  base: Swamp:3, evilmike_abyss_exit_8,
          onia_ninara_dug_in_and_dangerous,
          evilmike_nicolae_abyss_rune_betentacled_crabyss

Notes
Turn   | Place    | Note
-------+----------+-------------------------------------------
     0 | D:1      | Ruich the Troll Fighter began the quest for the Orb.
     0 | D:1      | Reached XP level 1. HP: 22/22 MP: 0/0
   229 | D:1      | Reached XP level 2. HP: 29/29 MP: 1/1
   302 | D:1      | Got Sif Muna's Monograph on Arson
   963 | D:2      | Reached XP level 3. HP: 36/36 MP: 2/2
   984 | D:2      | Noticed Sigmund
  1102 | D:1      | Reached skill level 3 in Shields
  1230 | D:2      | Killed Sigmund
  1231 | D:2      | Reached skill level 3 in Fighting
  1231 | D:2      | Reached skill level 3 in Dodging
  1231 | D:2      | Reached skill level 4 in Unarmed Combat
  1231 | D:2      | Reached XP level 4. HP: 36/45 MP: 3/3
  1231 | D:2      | Reached XP level 5. HP: 42/53 MP: 4/4
  1403 | D:2      | Identified a +2 robe of resistance
  1403 | D:2      | Noticed Jessica
  1407 | D:2      | Killed Jessica
  1542 | D:2      | Reached XP level 6. HP: 61/61 MP: 5/5
  1828 | D:2      | Found a runed translucent door.
  1829 | D:2      | Noticed Crazy Yiuf
  2445 | D:2      | Killed Crazy Yiuf
  2795 | D:3      | Noticed Pargi
  2806 | D:3      | Killed Pargi
  3191 | D:3      | Noticed a water moccasin
  3208 | D:3      | Killed a water moccasin
  3209 | D:3      | Reached skill level 4 in Shields
  3209 | D:3      | Reached skill level 5 in Unarmed Combat
  3209 | D:3      | Reached XP level 7. HP: 59/68 MP: 6/6
  3635 | D:4      | Found an ornate altar of the Wu Jian Council.
  4250 | D:4      | Reached skill level 4 in Fighting
  4250 | D:4      | Reached skill level 4 in Dodging
  4685 | D:5      | Entered Level 5 of the Dungeon
  4817 | D:5      | Found a staircase to the Ecumenical Temple.
  4942 | Temple   | Entered the Ecumenical Temple
  4960 | Temple   | Became a worshipper of Qazlal Stormbringer
  5150 | D:5      | Reached skill level 6 in Unarmed Combat
  5471 | D:5      | Found a snail-covered altar of Cheibriados.
  5471 | D:5      | Found a sparkling altar of Nemelex Xobeh.
  5552 | D:5      | Reached XP level 8. HP: 67/78 MP: 7/7
  5554 | D:5      | Reached skill level 1 in Invocations
  5593 | D:5      | Identified the +0 cloak of the Wasteland {MP+9 Dex+3}
  5946 | D:6      | Learned a level 2 spell: Blink
  5957 | D:6      | Learned a level 1 spell: Apportation
  6193 | D:6      | Noticed Dowan
  6465 | D:6      | Killed Dowan
  6494 | D:6      | Noticed Prince Ribbit
  6517 | D:6      | Killed Prince Ribbit
  6518 | D:6      | Reached skill level 1 in Translocations
  6567 | D:6      | Reached skill level 5 in Shields
  6567 | D:6      | Reached skill level 7 in Unarmed Combat
  6567 | D:6      | Reached skill level 2 in Invocations
  6686 | D:6      | Noticed Blork the orc
  6691 | D:6      | Noticed Duvessa
  6695 | D:6      | Killed Blork the orc
  6696 | D:6      | Reached skill level 1 in Spellcasting
  6700 | D:6      | Killed Duvessa
  6907 | D:6      | Reached XP level 9. HP: 74/85 MP: 9/9
  7630 | D:7      | Reached skill level 5 in Dodging
  7630 | D:7      | Reached skill level 2 in Translocations
  7961 | D:8      | Identified a potion of resistance
  8214 | D:8      | Reached * piety under Qazlal
  8217 | D:8      | Reached skill level 5 in Fighting
  8614 | D:8      | Reached skill level 3 in Invocations
  8691 | D:7      | Reached skill level 8 in Unarmed Combat
  8926 | D:8      | Found an opulent altar of Gozag.
  8926 | D:8      | Found a burning altar of Makhleb.
  8956 | D:8      | Found an ancient bone altar of Kikubaaqudgha.
  8956 | D:8      | Found a hide-covered altar of Uskayaw.
  8956 | D:8      | Found an iron altar of Okawaru.
  8956 | D:8      | Found a shimmering blue altar of Sif Muna.
  8960 | D:8      | Found a bloodstained altar of Trog.
  8960 | D:8      | Found a sacrificial altar of Ru.
  8960 | D:8      | Found a glowing silver altar of Zin.
  8964 | D:8      | Found a broken altar of Ashenzari.
  8964 | D:8      | Found a blossoming altar of Fedhas.
  8977 | D:8      | Reached skill level 2 in Spellcasting
  8993 | D:8      | Reached XP level 10. HP: 41/96 MP: 12/12
  9042 | D:8      | Found a basalt altar of Yredelemnul.
  9054 | D:8      | Found a glowing golden altar of the Shining One.
  9763 | D:9      | Found a runed translucent door.
  9763 | D:9      | Found a shimmering altar of Xom.
  9763 | D:9      | Noticed Posi's ghost (journeyman GnSh)
  9765 | D:9      | Noticed a +0 rapier of chaos
  9830 | D:9      | Reached skill level 6 in Shields
  9832 | D:9      | Reached ** piety under Qazlal
 10092 | D:10     | Entered Level 10 of the Dungeon
 10217 | D:10     | Reached skill level 3 in Translocations
 10229 | D:10     | Reached skill level 9 in Unarmed Combat
 10288 | D:10     | Noticed Maggie
 10339 | D:10     | Killed Maggie
 10340 | D:10     | Reached skill level 4 in Invocations
 10527 | D:10     | Noticed a two-headed ogre
 10549 | D:10     | Killed a two-headed ogre
 10550 | D:10     | Reached skill level 6 in Fighting
 10550 | D:10     | Reached skill level 6 in Dodging
 10554 | D:10     | You fall into a shaft and drop 1 floor!
 11070 | D:10     | Reached XP level 11. HP: 78/105 MP: 10/14
 11203 | D:10     | Found a staircase to the Orcish Mines.
 11243 | D:11     | Found a transporter.
 11243 | D:11     | Found Urchiuklyh's Magic Scroll Boutique.
 11245 | D:11     | Found a transporter.
 11306 | D:11     | Reached skill level 1 in Shapeshifting
 11337 | D:11     | Noticed Harold
 11349 | D:11     | Killed Harold
 11350 | D:11     | Reached skill level 3 in Spellcasting
 11350 | D:11     | Reached skill level 2 in Shapeshifting
 11367 | D:11     | Reached *** piety under Qazlal
 11683 | D:11     | Reached skill level 4 in Translocations
 11686 | D:11     | Found a staircase to the Lair.
 11691 | D:11     | Reached skill level 3 in Shapeshifting
 11953 | D:11     | Found a white marble altar of Elyvilon.
 11992 | Lair:1   | Entered Level 1 of the Lair of Beasts
 12104 | Lair:1   | Reached skill level 4 in Shapeshifting
 12153 | Lair:1   | Reached skill level 5 in Shapeshifting
 12896 | Lair:1   | Reached **** piety under Qazlal
 12906 | Lair:1   | Reached skill level 5 in Translocations
 12942 | Lair:1   | Reached skill level 6 in Shapeshifting
 13186 | Lair:1   | Reached skill level 7 in Shapeshifting
 13195 | Lair:1   | Reached XP level 12. HP: 114/114 MP: 15/15
 14056 | Lair:2   | Noticed Sonja
 14064 | Lair:1   | Reached skill level 8 in Shapeshifting
 14199 | Lair:1   | Reached ***** piety under Qazlal
 14266 | Lair:1   | Killed Sonja
 14267 | Lair:1   | Reached skill level 9 in Shapeshifting
 14317 | Lair:2   | Found a dark tunnel.
 14342 | Volcano  | Entered a volcano
 14473 | Lair:2   | Reached skill level 10 in Shapeshifting
 14654 | Lair:2   | Found a hole to the Spider Nest.
 14836 | Lair:2   | Identified the +1 robe "Wooxock" {rElec Str-2 Int+7 Slay-5}
 15640 | Lair:2   | Reached skill level 11 in Shapeshifting
 16758 | Lair:3   | Noticed a death yak
 16758 | Lair:3   | Noticed a death yak
 16759 | Lair:3   | Noticed a death yak
 16785 | Lair:3   | Noticed a death yak
 16810 | Lair:3   | Noticed an eleionoma
 16823 | Lair:3   | Killed an eleionoma
 16824 | Lair:3   | Reached skill level 12 in Shapeshifting
 16898 | Lair:3   | Found a staircase to the Swamp.
 16924 | Lair:3   | Reached XP level 13. HP: 94/120 MP: 16/16
 17301 | Lair:3   | Reached skill level 10 in Unarmed Combat
 18210 | Lair:4   | Found a runed translucent door.
 18210 | Lair:4   | Found a shimmering altar of Xom.
 18210 | Lair:4   | Noticed Hoaki's ghost (journeyman HONe)
 18303 | Lair:4   | Reached skill level 11 in Unarmed Combat
 18309 | Lair:4   | Reached skill level 13 in Shapeshifting
 18728 | Lair:4   | Killed Hoaki's ghost
 18794 | Lair:5   | Entered Level 5 of the Lair of Beasts
 18803 | Lair:5   | Noticed Nessos
 19157 | Lair:4   | Killed Nessos
 19462 | Lair:4   | Reached skill level 12 in Unarmed Combat
 20054 | Lair:5   | Found a viscous altar of Jiyva.
 20054 | Lair:5   | Found a staircase to the Slime Pits.
 20168 | Lair:5   | Reached XP level 14. HP: 130/130 MP: 17/17
 20187 | Lair:5   | Reached skill level 14 in Shapeshifting
 20298 | Lair:5   | Identified the +8 short sword of Greed {protect, +Blink
                  | rElec rF+ Str+3}
 20389 | Lair:5   | Identified the +10 trident of the Realm of Zot {venom,
                  | Str+5 Stlth-}
 21231 | Lair:5   | Reached skill level 13 in Unarmed Combat
 21955 | D:12     | Found a gate leading to a gauntlet.
 21967 | Gauntlet | Entered a Gauntlet
 21967 | Gauntlet | Found a transporter.
 21974 | Gauntlet | Found a transporter.
 21976 | Gauntlet | Found a transporter.
 21987 | Gauntlet | Found a transporter.
 21990 | Gauntlet | Found a transporter.
 22000 | Gauntlet | Found a transporter.
 22016 | Gauntlet | Found a runed translucent door.
 22018 | Gauntlet | Found a transporter.
 22018 | Gauntlet | Noticed a reaper
 22029 | Gauntlet | Found a transporter.
 22036 | Gauntlet | Found a runed translucent door.
 22040 | Gauntlet | Found a transporter.
 22054 | Gauntlet | Found a transporter.
 22068 | Gauntlet | Found a transporter.
 22068 | Gauntlet | Found a transporter.
 22109 | Gauntlet | Found a transporter.
 22118 | Gauntlet | Found a runed translucent door.
 22124 | Gauntlet | Found a transporter.
 22483 | Gauntlet | Identified the +2 cloak "Ibigoriz" {rN++}
 22534 | Gauntlet | Identified the +0 pair of boots of a Gauntlet {rC+ Str+3}
 22537 | Gauntlet | Identified the +2 cloak of the Forest {rF+ Regen+}
 22719 | D:12     | Found the +10 zealot's sword {holy, Zealotry, *Rage rN+
                  | EV+3}
 23620 | D:13     | Noticed Rupert
 23643 | D:13     | Killed Rupert
 23849 | D:13     | Found a runed translucent gate.
 23849 | D:13     | Found a runed translucent gate.
 23849 | D:13     | Found a runed translucent gate.
 23850 | D:13     | Found an opulent altar of Gozag.
 23850 | D:13     | Noticed Dehoisae's ghost (journeyman CoHu)
 23851 | D:13     | Noticed a fire giant
 23960 | D:13     | Reached skill level 5 in Invocations
 24607 | D:13     | Killed a fire giant
 24619 | D:13     | Killed Dehoisae's ghost
 24620 | D:13     | Reached skill level 15 in Shapeshifting
 24728 | D:14     | Noticed Jorgrun
 24846 | D:14     | Killed Jorgrun
 25023 | D:14     | Reached skill level 14 in Unarmed Combat
 25108 | D:14     | Reached skill level 6 in Invocations
 25130 | D:14     | Found a gate to the Vaults.
 25235 | D:14     | Found Icunasaf's General Store.
 25552 | D:15     | Entered Level 15 of the Dungeon
 25552 | D:15     | Found a staircase to the Depths.
 25597 | D:15     | Reached XP level 15. HP: 136/136 MP: 18/18
 25635 | D:15     | Noticed Azrael
 25643 | D:15     | Killed Azrael
 25685 | D:15     | Found a hide-covered altar of Uskayaw.
 25691 | D:15     | Reached skill level 7 in Shields
 25813 | D:15     | Identified the +7 spear of Valour {freeze, rC+ Str+3}
 26744 | Orc:1    | Entered Level 1 of the Orcish Mines
 27213 | Orc:2    | Entered Level 2 of the Orcish Mines
 27479 | Orc:2    | Paralysed by an orc sorcerer for 5 turns
 27487 | Orc:1    | Paralysed by an orc sorcerer for 4 turns
 27687 | Orc:2    | Reached ****** piety under Qazlal
 27756 | Orc:2    | Reached skill level 7 in Dodging
 27762 | Orc:1    | Reached skill level 7 in Invocations
 28099 | Orc:1    | Reached skill level 7 in Fighting
 28100 | Orc:1    | Reached skill level 15 in Unarmed Combat
 29293 | Orc:2    | Found a staircase to the Elven Halls.
 29423 | Orc:2    | Found Deorinui's Assorted Antiques.
 29425 | Orc:2    | Found Ununlil's Jewellery Shop.
 29534 | Orc:2    | Found a roughly hewn altar of Beogh.
 29632 | Orc:2    | Found Uriepace's Magic Scroll Shop.
 29632 | Orc:2    | Found Gytautoe's Weapon Boutique.
 29794 | Orc:2    | Bought the ring of the Hare {EV+10} for 1792 gold pieces
 29794 | Orc:2    | Found the ring of the Hare {EV+10}
 29984 | Spider:1 | Entered Level 1 of the Spider Nest
 30626 | Spider:1 | Reached XP level 16. HP: 149/149 MP: 20/20
 30638 | Spider:1 | Learned a level 4 spell: Passage of Golubria
 30641 | Spider:1 | Learned a level 2 spell: Lesser Beckoning
 30666 | Spider:1 | Reached skill level 8 in Shields
 33052 | Spider:3 | Reached skill level 8 in Invocations
 33076 | Spider:3 | Reached skill level 16 in Unarmed Combat
 33170 | Spider:3 | Reached skill level 8 in Dodging
 33844 | Spider:4 | Entered Level 4 of the Spider Nest
 33845 | Spider:4 | Noticed Asterion
 33983 | Spider:3 | Reached skill level 8 in Fighting
 34140 | Spider:3 | Reached skill level 16 in Shapeshifting
 34285 | Spider:4 | Noticed an Executioner
 34678 | Spider:4 | Killed Asterion
 35071 | Spider:4 | Reached skill level 9 in Shields
 36028 | Spider:4 | Reached XP level 17. HP: 161/161 MP: 22/22
 37047 | Spider:4 | Identified the +0 pair of boots of Benarghe {Int+3 Dex+2}
 37088 | Spider:4 | Got a gossamer rune of Zot
 37330 | Swamp:1  | Entered Level 1 of the Swamp
 37914 | Swamp:1  | Reached skill level 17 in Unarmed Combat
 37914 | Swamp:1  | Reached skill level 9 in Invocations
 38209 | Swamp:2  | Noticed a tentacled monstrosity
 38225 | Swamp:2  | Killed a tentacled monstrosity
 38657 | Swamp:2  | Reached skill level 9 in Dodging
 38687 | Swamp:2  | Reached skill level 9 in Fighting
 39389 | Swamp:3  | Noticed a tentacled monstrosity
 39398 | Swamp:3  | Killed a tentacled monstrosity
 39449 | Swamp:3  | Noticed Bai Suzhen
 39458 | Swamp:3  | Killed Bai Suzhen
 39996 | Swamp:4  | Entered Level 4 of the Swamp
 40008 | Swamp:3  | Reached skill level 10 in Shields
 40251 | Swamp:4  | Reached XP level 18. HP: 172/172 MP: 24/24
 40429 | Swamp:4  | Reached skill level 18 in Unarmed Combat
 40976 | Swamp:4  | Got a decaying rune of Zot
 41200 | Swamp:4  | Identified the +0 cloak of Paent {Rampage Fly rPois rC-}
 41570 | Elf:1    | Entered Level 1 of the Elven Halls
 41573 | Elf:1    | Paralysed by an air elemental for 1 turns
 41576 | Elf:1    | Paralysed by an air elemental for 1 turns
 42040 | Elf:1    | Got Leim's Excursus on Injury
 42196 | Elf:1    | Reached skill level 10 in Invocations
 43177 | Elf:2    | Reached skill level 10 in Fighting
 43337 | Elf:2    | You are cast into the Abyss!
 43337 | Abyss:4  | Cast into level 4 of the Abyss (a deep elf sorcerer)
 43380 | Abyss:4  | Lost intelligence.
 43402 | Abyss:4  | HP: 17/180 [disintegration (26)]
 43402 | Abyss:4  | Slain by a great orb of eyes

Vanquished Creatures
  Bai Suzhen (Swamp:3)
  Jorgrun (D:14)
  2 tentacled monstrosities
  Rupert (D:13)
  Asterion (Spider:4)
  A tentacled starspawn (Abyss:4)
  A thorn hunter (Swamp:4)
  A fenstrider witch (Swamp:3)
  A fire giant (D:13)
  5 emperor scorpions
  An orc warlord (Orc:2)
  4 ghost moths (Spider:4)
  2 broodmothers (Spider:4)
  The ghost of Hoaki the Fighter, a journeyman HONe of Kikubaaqudgha (Lair:4)
  Nessos (Lair:4)
  2 deep elf annihilators (Elf:1)
  2 deep elf death magi (Elf:2)
  A minotaur (Gauntlet)
  3 eleionomae
  10 bunyips
  2 spark wasps (Spider:4)
  Azrael (D:15)
  2 fire dragons
  6 entropy weavers
  The ghost of Dehoisae the Skirmisher, a journeyman CoHu of Hepliaklqana (D:13)
  18 hydras
  Harold (D:11)
  A vault guard (D:14)
  A spriggan air mage (Swamp:2)
  A jorogumo (Spider:3)
  4 catoblepae
  4 alligators
  4 centaur warriors
  A death knight (D:13)
  5 radroaches
  5 orc high priests
  12 dancing weapons
  2 two-headed ogres
  8 boulder beetles
  A deep troll shaman (Lair:5)
  A ghost crab (Swamp:1)
  A vampire mage (D:15)
  7 demonic crawlers
  8 death yaks
  A naga warrior (Abyss:4)
  5 deep elf knights
  8 spriggans
  A soul eater (Gauntlet)
  Sonja (Lair:1)
  A sixfirhy (Abyss:4)
  2 wretched stars (Abyss:4)
  11 deep elf archers
  4 pharaoh ants
  3 skysharks
  3 goliath frogs
  2 spriggan druids (Swamp:3)
  3 skeletal warriors (D:15)
  12 deep elf pyromancers
  2 bog bodies
  A sun moth (Spider:3)
  6 thermic dynamos (Elf:1)
  8 steelbarb worms
  A glowing orange brain (D:14)
  11 deep elf zephyrmancers
  A necromancer (D:15)
  An orc knight (Orc:1)
  5 lindwurms
  7 orb spiders
  9 swamp dragons
  12 ugly things
  A shining eye (Abyss:4)
  17 wolf spiders
  9 orc sorcerers
  9 manticores
  6 will-o-the-wisps
  A moth of wrath (Spider:3)
  2 cyclopes (D:14)
  A guardian serpent (shapeshifter) (Elf:1)
  A meliai (D:15)
  2 kobold blastminers (Orc:1)
  4 black mambas
  A guardian serpent (Abyss:4)
  12 elephants
  A black mamba (shapeshifter) (D:15)
  3 torpor snails
  A cane toad (shapeshifter) (D:15)
  An unseen horror (shapeshifter) (Elf:1)
  15 cane toads
  A gargoyle (D:11)
  Maggie (D:10)
  2 unseen horrors
  A kobold demonologist (D:13)
  10 komodo dragons
  A rime drake (Lair:1)
  2 ancient zymes (Abyss:4)
  A queen bee (D:15)
  A hellwing (Abyss:4)
  8 trolls
  4 tyrant leeches
  9 hornets
  4 polar bears
  24 tarantellas
  A glass eye (Elf:1)
  Prince Ribbit (D:6)
  20 jumping spiders
  14 culicivoras
  2 spriggan skeletons (D:15)
  11 blink frogs
  Sigmund (D:2)
  4 air elementals (Elf:1)
  4 slime creatures
  3 water elementals
  A human (shapeshifter) (D:14)
  A wraith (Abyss:4)
  5 wyverns
  76 yaks
  5 fire elementals
  3 steam dragons
  4 basilisks
  46 redbacks
  11 wargs
  7 vampire mosquitoes
  14 swamp worms
  An acid dragon (D:13)
  11 water moccasins
  4 hell hounds (D:15)
  Duvessa (D:6)
  6 swamp drakes
  11 orc warriors
  Pargi (D:3)
  2 ice beasts
  6 black bears
  7 ogres
  29 wolves
  13 centaurs
  A phantom (D:4)
  A kobold brigand (D:10)
  Blork the orc (D:6)
  A gnoll sergeant (D:12)
  8 bullfrogs
  3 scorpions
  2 earth elementals (Elf:1)
  4 wights (D:9)
  Dowan (D:6)
  14 killer bees
  3 howler monkeys (D:10)
  2 bombardier beetles
  8 electric eels
  A gnoll bouda (D:8)
  4 hounds
  A jelly (D:4)
  16 orc priests
  8 starcursed masses (Abyss:4)
  Crazy Yiuf (D:2)
  5 iguanas
  A sleepcap (D:5)
  Jessica (D:2)
  4 hell rats (Lair:3)
  29 orc wizards
  12 adders
  12 gnolls
  3 shadow imps (Gauntlet)
  A white imp (D:8)
  A ribbon worm (D:2)
  2 dart slugs
  76 orcs
  11 ball pythons
  5 bats
  6 endoplasms
  4 giant cockroaches
  8 goblins
  6 hobgoblins
  3 jackals (D:4)
  2 quokkas
  A frilled lizard (D:1)
  10 kobolds
  11 rats
  A butterfly (D:5)
  A spectral weapon (Spider:4)
  A starspawn tentacle (Abyss:4)
1039 creatures vanquished.

Vanquished Creatures (collateral kills)
  A hydra (D:15)
  2 meliai (D:15)
  3 killer bees (D:15)
6 creatures vanquished.

Vanquished Creatures (others)
  A deep elf knight (Elf:1)
  A goliath frog (Swamp:1)
  A bloated husk (Swamp:2)
  A jumping spider (Spider:3)
  A culicivora (Spider:3)
  A yak (Lair:2)
  20 foxfires
  2 starspawn tentacles (Abyss:4)
28 creatures vanquished.

Grand Total: 1073 creatures vanquished

Table legend: (Time is in decaauts)
 A = Elapsed time spent in this place.
 B = Non-inter-level travel time spent in this place.
 C = Inter-level travel time spent in this place.
 D = Time resting spent in this place.
 E = Time spent auto-exploring this place.
 F = Levels seen in this place.
 G = Mean time per level.
                   A        B        C        D        E       F      G
               +--------+--------+--------+--------+--------+-----+--------+
         Total |  56204 |  52830 |   3374 |  20328 |  21680 |  36 | 1561.2 |
       Dungeon |  18844 |  17257 |   1587 |   3508 |  10660 |  15 | 1256.3 |
        Temple |     33 |     26 |      7 |      0 |      0 |   1 |   33.0 |
          Lair |  12165 |  11358 |    807 |   5495 |   3437 |   5 | 2433.0 |
         Swamp |   6012 |   5702 |    310 |   2125 |   2544 |   4 | 1503.0 |
   Spider Nest |  10776 |  10440 |    336 |   6105 |   2227 |   4 | 2694.0 |
  Orcish Mines |   4704 |   4380 |    324 |   2386 |   1239 |   2 | 2352.0 |
   Elven Halls |   2615 |   2614 |      1 |    700 |   1229 |   2 | 1307.5 |
         Abyss |    100 |    100 |      0 |      0 |      0 |   1 |  100.0 |
       Volcano |      4 |      4 |      0 |      0 |      0 |   1 |    4.0 |
      Gauntlet |    946 |    946 |      0 |      6 |    342 |   1 |  946.0 |
               +--------+--------+--------+--------+--------+-----+--------+

Top non-repeatable levels by time:
Spider:4: 3764 daAuts
  Lair:5: 3580 daAuts
Spider:1: 2867 daAuts
   Orc:1: 2839 daAuts
Spider:3: 2796 daAuts
  Lair:4: 2466 daAuts
    D:13: 2365 daAuts
  Lair:3: 2227 daAuts
   Elf:1: 2072 daAuts
 Swamp:3: 1974 daAuts
  Lair:1: 1958 daAuts
  Lair:2: 1932 daAuts
   Orc:2: 1865 daAuts
 Swamp:4: 1739 daAuts
     D:2: 1648 daAuts

Table legend:
 A = Non-vault XP
 B = Vault XP
 C = Vault XP percentage of total XP
 D = Non-vault monster count
 E = Vault monster count
 F = Vault count percentage of total count
                 A         B        C        D         E       F
            +---------+---------+-------+---------+---------+-------
      Total |  224601 |  122980 |  35.4 |     755 |     290 |  27.8
            +---------+---------+-------+---------+---------+-------
        D:1 |      52 |       0 |   0.0 |      24 |       0 |   0.0
        D:2 |      74 |     336 |  82.0 |      21 |       9 |  30.0
        D:3 |     192 |     130 |  40.4 |      12 |       1 |   7.7
        D:4 |     388 |       0 |   0.0 |      23 |       0 |   0.0
        D:5 |     400 |       0 |   0.0 |      10 |       0 |   0.0
        D:6 |     575 |     700 |  54.9 |      13 |       9 |  40.9
        D:7 |    1052 |       0 |   0.0 |      22 |       0 |   0.0
        D:8 |    1482 |     429 |  22.4 |      20 |       4 |  16.7
        D:9 |     813 |       0 |   0.0 |      12 |       0 |   0.0
       D:10 |    4197 |     376 |   8.2 |      32 |       1 |   3.0
       D:11 |    3072 |     871 |  22.1 |      21 |       1 |   4.5
       D:12 |    3674 |       0 |   0.0 |      19 |       0 |   0.0
       D:13 |    2149 |    6247 |  74.4 |       5 |       7 |  58.3
       D:14 |    4609 |    3434 |  42.7 |      13 |       3 |  18.8
       D:15 |   17453 |    8372 |  32.4 |      35 |      29 |  45.3
     Lair:1 |    9333 |    2314 |  19.9 |      42 |      10 |  19.2
     Lair:2 |    7107 |    1023 |  12.6 |      30 |       3 |   9.1
     Lair:3 |   10212 |    1011 |   9.0 |      29 |       1 |   3.3
     Lair:4 |    7861 |    5248 |  40.0 |      28 |      10 |  26.3
     Lair:5 |    8110 |    8218 |  50.3 |      24 |      20 |  45.5
    Swamp:1 |    9064 |       0 |   0.0 |      16 |       0 |   0.0
    Swamp:2 |   11840 |    2286 |  16.2 |      24 |       5 |  17.2
    Swamp:3 |   13663 |   17682 |  56.4 |      17 |      18 |  51.4
    Swamp:4 |    3006 |    7974 |  72.6 |       6 |      13 |  68.4
   Spider:1 |   22628 |       0 |   0.0 |      58 |       0 |   0.0
   Spider:2 |   11237 |       0 |   0.0 |      36 |       0 |   0.0
   Spider:3 |   18233 |     834 |   4.4 |      37 |       1 |   2.6
   Spider:4 |    4820 |   28002 |  85.3 |      12 |      41 |  77.4
      Orc:1 |    6581 |    2399 |  26.7 |      33 |      17 |  34.0
      Orc:2 |    3939 |    6148 |  60.9 |      19 |      46 |  70.8
      Elf:1 |   14232 |   15682 |  52.4 |      22 |      30 |  57.7
      Elf:2 |   14971 |       0 |   0.0 |      21 |       0 |   0.0
    Abyss:4 |    7582 |       0 |   0.0 |      19 |       0 |   0.0
   Gauntlet |       0 |    3264 | 100.0 |       0 |      11 | 100.0
            +---------+---------+-------+---------+---------+-------
